 Dungeon Crawl Stone Soup version 0.31-a0-354-g827e0957a7 (webtiles) character file.

Game seed: 13085173447049149458

159 Locuples the Chopper (level 5, -1/47 HPs)
             Began as a Minotaur Berserker on July 24, 2023.
             Was a Believer of Trog.
             Slain by a cerulean imp
             ... wielding a +2 spear
             ... summoned by Natasha
              (3 damage)
             ... on level 3 of the Dungeon.
             The game lasted 00:03:45 (1935 turns).

Locuples the Chopper (Minotaur Berserker)           Turns: 1935, Time: 00:03:46

Health: -1/47      AC:  6    Str: 24    XL:     5   Next: 17%
Magic:  4/4        EV: 10    Int:  4    God:    Trog [**....]
Gold:   81         SH:  0    Dex:  9    Spells: 4/4 levels left

rFire   . . .        c - +0 battleaxe
rCold   . . .        (shield currently unavailable)
rNeg    . . .        d - +0 scale mail
rPois   .            (helmet restricted)
rElec   .            (no cloak)
rCorr   .            (no gloves)
SInv    .            (no boots)
Will    ++...        (no amulet) Stlth
                     (no ring)
HPRegen 1.27/turn    (no ring)
MPRegen 0.09/turn

%: no passive effects
@: strong-willed, regenerating
A: horns 2, retaliatory headbutt
a: Renounce Religion, Berserk, Trog's Hand


You were on level 3 of the Dungeon.
You worshipped Trog.
Trog was pleased with you.
You visited 1 branch of the dungeon, and saw 3 of its levels.

You collected 81 gold pieces.

Inventory:

Hand Weapons
 c - a +0 battleaxe (weapon)
Armour
 d - a +0 scale mail (worn)
Scrolls
 f - 3 scrolls of identify {unknown}
 h - a scroll of blinking {unknown}
 i - 2 scrolls of enchant weapon {unknown}
Potions
 a - 2 potions of curing {unknown}
 b - 2 potions of resistance {unknown}
 e - 2 potions of lignification {unknown}
 g - a potion of heal wounds {unknown}


   Skills:
 + Level 4.9 Fighting
 + Level 5.7 Axes
 + Level 3.4 Armour
 - Level 2.1 Dodging


You had 4 spell levels left.
You didn't know any spells.
Your spell library was empty.

Dungeon Overview and Level Annotations

Branches:
Dungeon (3/15)

Altars:

Annotations:
D:3 Natasha


Innate Abilities, Weirdness & Mutations

You have a pair of horns on your head.
You reflexively headbutt those who attack you in melee.


Message History

* * * LOW HITPOINT WARNING * * *
You closely miss the orc priest.
The orc priest is moderately wounded.
The orc priest mumbles some strange prayers to Beogh against you.
Pain shoots through your body!
* * * LOW HITPOINT WARNING * * *
The orc priest hits you but does no damage.
You slash the orc priest!
You kill the orc priest!
Trog accepts your kill.
You have reached level 5!
You start resting.
Natasha, Servant of Life and Death comes into view.
Your skin crawls.
You feel strong-willed.
Things that are here:
a +0 dagger; an orc corpse Natasha wildly gestures.
You feel troubled.
Natasha casts a spell.
Items here: )))) [[ †††.
Things that are here:
a +0 dagger; an orc corpse Natasha claws you.
* * * LOW HITPOINT WARNING * * *
You closely miss Natasha. Natasha barely misses you.
The cerulean imp barely misses you.
Natasha mumbles some strange words.
You slash the cerulean imp!
You kill the cerulean imp!
The cerulean imp disappears in a puff of smoke!
You closely miss Natasha.
The cerulean imp hits you but does no damage.
Natasha claws you but does no damage.
You slash Natasha!
Natasha is heavily wounded.
The cerulean imp barely misses you. Natasha claws you.
* * * LOW HITPOINT WARNING * * *
The cerulean imp hits you from afar with a +2 spear.
You die...

<..~≈≈~~......#
...~~≈≈~......>
##....~≈≈~.......
...##.~≈≈~~......
#..#.~~≈≈~.....#
#....5§≈≈~...... .
#...88)≈≈~~88... .#
#####....h@)).....^.
..#
.##.........!..)......
..#
..#.......88~~≈≈~88...
..#
#.#....######~≈≈~~####
..###.#....# #~~≈≈~#
>.....#....# ##~≈≈~##
## .........<.#
#~≈≈~~# ...
.....#.....#
#~~≈≈~##.##
.....#.#####
##~≈≈~#....


You could see Natasha and a cerulean imp (summoned).

Vanquished Creatures
  2 orc priests (D:3)
  3 gnolls (D:3)
  An adder (D:2)
  A worm (D:2)
  3 dart slugs
  7 orcs (D:3)
  2 bats
  An endoplasm (D:2)
  A giant cockroach (D:3)
  4 hobgoblins
  5 jackals
  5 kobolds
  3 quokkas
  2 ball pythons (D:1)
  5 frilled lizards (D:1)
  2 rats (D:1)
47 creatures vanquished.

Vanquished Creatures (others)
  An orc wizard (D:3)
1 creature vanquished.

Grand Total: 48 creatures vanquished

Notes
Turn   | Place    | Note
-------+----------+-------------------------------------------
     0 | D:1      | Locuples the Minotaur Berserker began the quest for the
                  | Orb.
     0 | D:1      | Reached XP level 1. HP: 19/19 MP: 0/0
   291 | D:1      | Found a faded altar of an unknown god.
   297 | D:1      | Reached skill level 4 in Axes
   297 | D:1      | Reached XP level 2. HP: 27/27 MP: 1/1
  1195 | D:2      | Reached XP level 3. HP: 33/33 MP: 2/2
  1537 | D:2      | You fall into a shaft and drop 1 floor!
  1679 | D:3      | Reached XP level 4. HP: 24/41 MP: 3/3
  1685 | D:3      | Reached skill level 5 in Axes
  1909 | D:3      | Reached ** piety under Trog
  1923 | D:3      | HP: 1/41 [orc priest/nerve-wracking pain (4)]
  1925 | D:3      | Reached XP level 5. HP: 1/47 MP: 4/4
  1926 | D:3      | Noticed Natasha
  1932 | D:3      | HP: 2/47 [Natasha (6)]
  1935 | D:3      | Slain by a cerulean imp

Illustrated notes

Levels and vault maps discovered:
D:1:      dpeg_arrival_rooms_with_view, layout_loops_corners,
          dreamdust_ecumenical_altar_grove, serial_co_window_serial,
          co_window_paths_a, co_window_corner_a, co_window_paths_b,
          co_window_paths_a, co_window_of_opportunity_a, co_window_paths_a,
          co_window_cross_2, co_window_broadway_c, co_window_broadway_a,
          co_window_corner_cb, glass_columns_a, glass_columns_c,
          minmay_lizard_king
D:2:      layout_basic, dreamdust_mushroom_princess, minivault_11,
          minmay_pentomino_x2
D:3:      wander_river, layout_rooms, serial_shops, shop,
          serial_co_window_serial, co_window_paths_b, co_window_corner_a,
          co_window_cross_1, co_window_paths_a, co_window_corner_a,
          co_window_corner_b, co_window_unsneaky_path_c, co_window_corner_cb,
          co_window_paths_e, co_window_paths_d, glass_columns_a,
          glass_columns_a, glass_columns_b, nrook_loot_triangle, uniq_natasha

Skill      XL: |  1  2  3  4 |
---------------+-------------+-----
Fighting       | 4 |  4.9
Axes           | 4 5 |  5.7
Armour         | 3 |  3.4
Dodging        | |  2.1

Action                     |  1- 3 |  4- 6 || total
---------------------------+-------+-------++-------
  Melee: Hand axe          |    44 |       ||    44
         Headbutt          |    16 |     3 ||    19
         Punch             |     3 |       ||     3
         Battleaxe         |    27 |    32 ||    59
 Invoke: Trog's Hand       |       |     1 ||     1
 Armour: Leather armour    |    10 |       ||    10
         Animal skin       |     2 |       ||     2
         Scale mail        |    10 |    26 ||    36
  Dodge: Dodged            |    31 |    32 ||    63

Table legend: (Time is in decaauts)
 A = Elapsed time spent in this place.
 B = Non-inter-level travel time spent in this place.
 C = Inter-level travel time spent in this place.
 D = Time resting spent in this place.
 E = Time spent auto-exploring this place.
 F = Levels seen in this place.
 G = Mean time per level.
                   A        B        C        D        E       F      G
               +--------+--------+--------+--------+--------+-----+--------+
         Total |   1976 |   1918 |     58 |    127 |   1365 |   3 |  658.7 |
       Dungeon |   1976 |   1918 |     58 |    127 |   1365 |   3 |  658.7 |
               +--------+--------+--------+--------+--------+-----+--------+

Top non-repeatable levels by time:
     D:1: 1091 daAuts
     D:2: 570 daAuts
     D:3: 314 daAuts
